Cogmind - Beta 13 @@@ ROGUE MODE // 2024.04.13 @ 04:16:22 Player: A Moose Result: Destroyed by Y-45 Defender with Beam Rifle Performance ------------- Evolutions (0) 0 Regions Visited (2) 400 Robots Destroyed (16) 80 Value Destroyed (416) 416 Prototype IDs (0) 0 Alien Tech Used (0) 0 Bonus (0) 0 TOTAL SCORE: 896 Bonus ------- None Cogmind --------- Core Integrity 0/250 Matter 290/300 Energy 100/125 System Corruption 0% Temperature Cool (51) Movement Rolling (90) Location -10/Mines Parts ------- > --- POWER (1) -------- Light Ion Engine > --- PROPULSION (2) --- Wheel Compact Wheel > --- UTILITY (2) ------ Improved Heat Sink Small Storage Unit > --- WEAPON (2) ------- Medium Laser Particle Gun > --- INVENTORY (8) ---- Ion Engine Light Ion Engine Light Nuclear Core Compact Wheel Medium Matter Pod (100) Medium Matter Pod (100) Signal Interpreter Medium Laser Peak State ------------ > --- POWER ------------ Light Ion Engine > --- PROPULSION ------- Wheel Compact Wheel > --- UTILITY ---------- Improved Heat Sink Small Storage Unit > --- WEAPON ----------- Medium Laser Particle Gun > --- INVENTORY -------- Ion Engine Light Ion Engine Light Nuclear Core Compact Wheel Medium Matter Pod Medium Matter Pod Signal Interpreter Medium Laser [Rating: 11] Favorites ----------- Power Ion Engine Engine Ion Engine Propulsion Wheel Wheel Wheel Utility Small Storage Unit Device Heat Sink Storage Small Storage Unit Weapon Medium Laser Energy Gun Medium Laser Build | -11 -10 -10 ------- Run | Yrd Mat Min Slots Evolved . | . . . Power . | . . . Propulsion . | . . . Utility . | . . . Weapon . | . . . Parts Attached 14 | 5 4 5 Power 2 | 1 . 1 Engine 2 | 1 . 1 Core . | . . . Reactor . | . . . Propulsion 5 | 2 1 2 Treads . | . . . Leg . | . . . Wheel 5 | 2 1 2 Hover . | . . . Flight . | . . . Utility 3 | . 1 2 Device 2 | . . 2 Storage 1 | . 1 . Processor . | . . . Hackware . | . . . Protection . | . . . Artifact . | . . . Weapon 4 | 2 2 . Energy Gun 4 | 2 2 . Energy Cannon . | . . . Ballistic Gun . | . . . Ballistic Cannon . | . . . Launcher . | . . . Special Weapon . | . . . Impact Weapon . | . . . Slashing Weapon . | . . . Piercing Weapon . | . . . Special Melee Weapon . | . . . Unidentified Prototypes . | . . . Parts Lost 3 | . 1 2 Power . | . . . Propulsion 2 | . . 2 Utility . | . . . Weapon 1 | . 1 . Highest Loss Streak 1 | . 1 1 To Critical Strikes . | . . . Average Slot Usage (%) 84 | . 82 92 Engine 14 | . 14 14 Wheel 27 | . 28 26 Device 2 | . . 8 Storage 11 | . 11 14 Energy Gun 28 | . 28 28 Naked Turns . | . . . Heaviest Build 15 | 9 15 15 Greatest Support 26 | 20 20 26 Greatest Overweight (x) 1 | . . 1 Average Overweight (x) . | . . . Largest Inventory Capacity 8 | 5 8 8 Average Capacity 7 | 5 7 8 Most Carried 8 | 4 8 8 Average Carried 6 | 2 6 7 Final Capacity 8 | 5 8 8 Final Carried 8 | 4 8 8 Class Distribution -------------------- 90% | Mutant 9% | Scavenger-Mutant Dominant Class ---------------- Mutant | -10/Materials Mutant | -10/Mines Resources | -11 -10 -10 ----------- Run | Yrd Mat Min Matter Collected 566 | 238 198 130 Remotely . | . . . Salvage Created 577 | 55 419 103 Parts 31 | 2 23 6 Haulers Intercepted 1 | . 1 . Recyclers Shooed . | . . . Parts Field Recycled . | . . . Retrieved Matter . | . . . Parts Self-Destructed . | . . . Prevented . | . . . Kills | -11 -10 -10 ------- Run | Yrd Mat Min Combat Hostiles Destroyed 9 | . 7 2 Guns 8 | . 7 1 Classes Destroyed 5 | 1 4 . Worker 2 | . 1 1 Hauler 1 | . 1 . Recycler 1 | 1 . . Watcher 3 | . 3 . Grunt 9 | . 7 2 Best Kill Streak 4 | 1 4 3 Combat Bots Only 2 | . 2 2 Max Kills in Single Turn 1 | 1 1 1 Gunslinging . | . . . Exploded . | . . . Melee . | . . . Uniques/NPCs Destroyed . | . . . Combat | -11 -10 -10 -------- Run | Yrd Mat Min Hostile Shots Fired 63 | . 42 21 Missed 17 | . 13 4 Damage Taken 628 | . 376 252 Core 259 | . 114 145 Absorbed by Shields . | . . . Core Remaining (%) 100 | 100 . . Volleys Fired 55 | 2 40 13 Largest 2 | 2 2 2 Hottest 115 | 90 115 115 Shots Fired 105 | 4 75 26 Gun 105 | 4 75 26 Cannon . | . . . Launcher . | . . . Special . | . . . Kinetic . | . . . Thermal 87 | 2 59 26 Explosive . | . . . Electromagnetic 18 | 2 16 . Robot Hit Streak 10 | 2 10 7 Robot Miss Streak 3 | 1 2 3 Penetration Max . | . . . Secondary Targets 2 | . 2 . Max Gunslinging Chain 1 | . 1 . Shots Hit Robots 68 | 2 49 17 Core Hits 27 | 1 21 5 Critical Kills . | . . . Critical Parts Destroyed . | . . . Critical Strikes 10 | . 6 4 Burn 9 | . 5 4 Corrupt 1 | . 1 . Melee Attacks . | . . . Impact . | . . . Slashing . | . . . Piercing . | . . . Sneak Attacks . | . . . Combat Hostiles . | . . . Follow-up Attacks . | . . . Damage Inflicted 1110 | 43 805 262 Guns 982 | 43 677 262 Cannons . | . . . Explosions 117 | . 117 . Melee . | . . . Ramming 11 | . 11 . Kinetic . | . . . Thermal 937 | 13 662 262 Explosive . | . . . Electromagnetic 162 | 30 132 . Impact . | . . . Slashing . | . . . Piercing . | . . . Highest Corruption . | . . . Average Corruption . | . . . Corruption Purged . | . . . Corruption Blocked . | . . . Overload Shots . | . . . Overflow Damage . | . . . Projectiles . | . . . Explosions . | . . . Melee . | . . . Knockbacks . | . . . Impact . | . . . Kinetic . | . . . Secondary . | . . . Self-Inflicted Damage 5 | . 5 . Shots . | . . . Rammed 2 | . 2 . Targets Rammed 2 | . 2 . Kicked . | . . . Crushed . | . . . Highest Temperature 426 | 30 426 338 Average Temperature 148 | 17 157 135 Received Heat Transfer 354 | . 222 132 Effects 6 | . 6 . Shutdowns 1 | . 1 . Energy Bleed 2 | . 2 . Interference 1 | . 1 . Matter Decay 1 | . 1 . Damage (minor) 1 | . 1 . Siege Activations . | . . . Robots Corrupted . | . . . Combat Hostiles . | . . . Parts Fried . | . . . Impact Corruptions . | . . . Robots Melted 1 | . . 1 Combat Hostiles 1 | . . 1 Parts Melted 3 | . 3 . Heat Transferred 3073 | 37 2074 962 Parts Sabotaged . | . . . Parts Stolen . | . . . Parts Stripped . | . . . Power Chain Reactions 1 | . 1 . Alert | -11 -10 -10 ------- Run | Yrd Mat Min Peak Influence 224 | 5 224 122 Initial 87 | . 3 87 Average 87 | 1 93 110 Maximum Alert Level 1 | . 1 . Low Security (%) 89 | 100 84 100 Level 1 10 | . 15 . Level 2 . | . . . Level 3 . | . . . Level 4 . | . . . Level 5 . | . . . High Security . | . . . Max Security . | . . . Squads Dispatched 1 | . 1 . Investigation . | . . . Extermination . | . . . Reinforcement 1 | . 1 . Assault . | . . . Garrison . | . . . Intercept . | . . . Searches Triggered . | . . . Construction Impeded . | . . . Haulers Reinforced . | . . . Active Scanning Responses . | . . . Cargo Convoy Interrupts . | . . . Stealth | -11 -10 -10 --------- Run | Yrd Mat Min Distress Signals 2 | . 2 . Communications Jammed . | . . . Distress Signals . | . . . Times Spotted 14 | . 10 4 Peak Tracking Total 3 | . 3 2 Tactical Retreats . | . . . Traps | -11 -10 -10 ------- Run | Yrd Mat Min Traps Triggered . | . . . Indirectly . | . . . Trap Hack Attempts . | . . . Triggered . | . . . Disarmed . | . . . Reprogrammed . | . . . Reused . | . . . Traps Extracted . | . . . Installed . | . . . Triggered . | . . . Machines | -11 -10 -10 ---------- Run | Yrd Mat Min Machines Disabled 1 | . . 1 Max in Single Turn 1 | . . 1 Machines Repaired . | . . . Machines Dismantled . | . . . Machines Sabotaged . | . . . Overloaded Fab Kills . | . . . Hacking | -11 -10 -10 --------- Run | Yrd Mat Min Machines Accessed 2 | . 2 . Terminals 2 | . 2 . Fabricators . | . . . Repair Stations . | . . . Recycling Units . | . . . Scanalyzers . | . . . Garrison Access . | . . . Total Hacks 3 | . 3 . Successful 1 | . 1 . Failed 2 | . 2 . Catastrophic 1 | . 1 . Database Lockouts . | . . . Manual . | . . . Terminals 3 | . 3 . Fabricators . | . . . Repair Stations . | . . . Recycling Units . | . . . Scanalyzers . | . . . Garrison Access . | . . . Terminal Hacks 1 | . 1 . Branch Access Points 1 | . 1 . Fabricator Hacks . | . . . Repair Station Hacks . | . . . Recycling Unit Hacks . | . . . Scanalyzer . | . . . Garrison Access Hacks . | . . . Unauthorized Hacks . | . . . Terminals . | . . . Fabricators . | . . . Repair Stations . | . . . Recycling Units . | . . . Scanalyzers . | . . . Garrison Access . | . . . Data Cores Recovered . | . . . Used . | . . . Hacking Detections 2 | . 2 . Full Trace Events . | . . . Feedback Events . | . . . Feedback Blocked . | . . . Robot Schematics Acquired . | . . . Robots Built . | . . . Authchips . | . . . Time . | . . . Total Robot Build Rating . | . . . Part Schematics Acquired . | . . . Parts Built . | . . . Authchips . | . . . Time . | . . . Total Part Build Rating . | . . . Parts Repaired . | . . . Time . | . . . Parts Recycled . | . . . Recycled Matter . | . . . Retrieved Matter . | . . . Retrieved Components . | . . . Parts Scanalyzed . | . . . Part Schematics Acquired . | . . . Parts Damaged . | . . . Bothacking | -11 -10 -10 ------------ Run | Yrd Mat Min Used RIF Installer . | . . . Robots Hacked . | . . . Non-combat . | . . . Combat . | . . . Robot Hacks Applied . | . . . Relay Couplers Released . | . . . Fabnet Peak Effective % . | . . . Robots Rewired . | . . . Allies Hacked . | . . . Hacks Repelled . | . . . Allies | -11 -10 -10 -------- Run | Yrd Mat Min Total Allies . | . . . Largest Group . | . . . Highest-Rated Group . | . . . Highest-Rated Ally . | . . . Total Orders . | . . . Ally Attacks . | . . . Total Damage . | . . . Kills . | . . . Allies Corrupted . | . . . Allies Melted . | . . . Intel | -11 -10 -10 ------- Run | Yrd Mat Min Robot Analysis Total . | . . . Derelict Logs Recovered . | . . . Drone Launches . | . . . Drone Recoveries . | . . . Exploration | -11 -10 -10 ------------- Run | Yrd Mat Min Turns Passed 531 | 55 356 120 Spaces Moved 387 | 45 273 69 Core 5 | 5 . . Treads . | . . . Legs . | . . . Wheels 382 | 40 273 69 Hover . | . . . Flight . | . . . Fastest Speed 50 | 50 80 80 Average Speed 81 | 76 80 90 Slowest Speed 100 | 80 80 100 Overloaded Moves . | . . . Propulsion Burnouts . | . . . Robots Hopped . | . . . Cave-ins Triggered . | . . . Exploration Rate (%) 27 | 3 55 23 Regions Visited 2 Branch Regions 1 Pre-discovered Areas . | . . . Known Exits Taken 1 | . 1 . Unknown Exits Taken 1 | 1 . . Scrap Searched . | . . . Spaces Dug . | . . . Terrain Destroyed 3 | . 3 . Melee . | . . . Projectile . | . . . AOE 3 | . 3 . Terrain Rammed . | . . . Walls Destroyed . | . . . Machines Disabled . | . . . Actions | -11 -10 -10 --------- Run | Yrd Mat Min Total 498 | 61 335 102 Wait 20 | 1 7 12 Move 385 | 44 272 69 Hop . | . . . Pick Up 19 | 9 8 2 Fast Attach 1 | . . 1 Attach 9 | 5 2 2 Detach . | . . . Swap 4 | . 2 2 Drop 3 | . 2 1 Fire 55 | 2 40 13 Melee . | . . . Ram 2 | . 2 . Kick . | . . . Crush . | . . . Escape Stasis . | . . . Rewire . | . . . Trap . | . . . Miscellaneous . | . . . Route ------- -11/Scrapyard -10/Materials (discovered 3 exits: [*Mat x2] / *Min) -10/Mines History --------- Turn | Location | Event 5 | -11/Scrapyard | Discovered new exit (range 15) 56 | -11/Scrapyard | Entered Materials 221 | -10/Materials | Discovered new exit (range 10) 237 | -10/Materials | Identified exit to Mines 322 | -10/Materials | Build established: Mutant 365 | -10/Materials | Discovered new exit (range 15) 412 | -10/Materials | Entered Mines 416 | -10/Mines | Met a Derelict bent on vengeance 438 | -10/Mines | Core integrity fell below 50% 448 | -10/Mines | Core integrity fell below 20% 505 | -10/Mines | Joined a pair of Derelicts in attacking an 0b10 outpost 532 | -10/Mines | Destroyed by Y-45 Defender with Beam Rifle Last Messages --------------- Acquired 11 matter. Acquired 47 matter. Acquired 42 matter. Acquired Wheel. Acquired Lgt. Ion Engine. Acquired Heat Sink. Acquired 3 matter. K-01 Serf collects debris. A derelict emerges from the shadows: "We've had our eye on this brand new outpost for a little while, just waiting for an opportunity to strike. Need some help?" A9-LT6(g) suffers critical hit (Burn). Y-45 Defender destroyed. A9-LT6(g) destroyed. Acquired 27 matter. 1X-EJ1(g) destroyed. Machine disabled. Critical hit (Burn: +37). Dropped Heat Sink. Map ----- +----------------------------------------------------+ | ????????????????????????????????????# #?????? | | ????????????????????????????????????# ##????? | | ???????????????????????????????????## ##???? | | ??????????????????????????????????## #???? | | ?????????????????????????????????## #???? | | ????????????????????????????????## ##???? | | ????????????????????????????????# #####????? | | ???????????????????????#####????# ##????????? | | ???????????????????????# ????# #?????????? | | ??????????????????????? ????# ##????????? | | ??????????????????????? ????## ##???????? | | ???????????????????????? ?????# ##??????? | | ???????????????????????? ????## #??????? | | ???????????????????????? #?#### #####??? | | ???????????????????????## ### ##?? | | ????????????????? % ## | | ????????????????????????# ###### #### | | ????????????????????????# ### #??????#??? | | ???????????????????????## ### #?????????? | | ???????????????????????# ## ##?????????? | | ???????????????????????# #??????????? | | ???????????????????????## #??????????? | | ???????????????????????## ### ##??????????? | | ????????????????###?#### ##?####???????????? | | ???????????????## ## ##?????????????????? | | ???????????????#" [#@ ##??????????????????? | | ???????????????#!][%Y%! ##???????????????????? | | ???????????????#!!==/* #????????????????????? | | ???????????????#""![# #???????????????????? | | ???????????????##"%## #??????????????????? | | ????????????????###?# #?????????????????? | | ????????????????????# #?????????????????? | | ????????????????????## #?????????????????? | | ?????????????????????## #?????????????????? | | ??????????????????????? #?????????????????? | | ??????????????????????? #?????????????????? | | ??????????????????????? ##?????????????????? | | ???????????????????????####??????????????????? | | ?????????????????????????????????????????????? | | ?????????????????????????????????????????????? | | ?????????????????????????????????????????????? | | ?????????????????????????????????????????????? | | ?????????????????????????????????????????????? | | ?????????????????????????????????????????????? | | ?????????????????????????????????????????????? | | ?????????????????????????????????????????????? | | ?????????????????????????????????????????????? | | | | | | | +----------------------------------------------------+ Best States ------------- Heat Dissipation 39 Energy Generation 10 Energy Capacity 250 Matter Stores 300 Matter Capacity 300 Sight Range 16 Terrain Scan Density 10 Evasion (%) 44 Item Schematics ----------------- None Robot Schematics ------------------ None Fabricated ------------ Nothing Alien Tech Used ----------------- None Achievements -------------- None Challenges ------------ None Game ------ Seed PhasingDeuteriumFlakker Manual? 0 Play Time 00:08:46 Cumulative 34.0 hours Start 2024.04.13 @ 04:09:20 End 2024.04.13 @ 04:16:22 Sessions 1 Manual Loads 0 Difficulty Rogue Special Mode None Game No. 40 Rogue 31 Adventurer 9 Explorer 0 Win Type - Total 0 Types 0/0/0/0/0/0/0/0/0 Lore% 24 Gallery% 39 Achievement% 30 Wizard Run 0 Options --------- Layout 1 ASCII 0 Keyboard 0 Movement Mouse Keybinds 0 Fullscreen 1 Font 24/Smallcaps Map View 50x35 Zoom Use 0% Tactical HUD 0 Map Filters NONE Filters NONE Steam 1 RUN: 627790ae-123e-475f-8e6f-2e7dc29584b0